 Dungeon Crawl Stone Soup version 0.17-a0-1674-g2b13139 (webtiles) character file.

64 matakusis the Grave Robber (level 3, -4/24 HPs)
             Began as a Demonspawn Necromancer on Aug 18, 2015.
             Was an Initiate of Sif Muna.
             Slain by Sigmund
             ... wielding a +2 scythe of freezing
              (5 damage)
             ... on level 3 of the Dungeon.
             The game lasted 00:09:46 (2051 turns).

matakusis the Grave Robber (Demonspawn Necromancer) Turns: 2051, Time: 00:09:47

Health: -4/24      AC:  5    Str:  8    XL:     3   Next: 91%
Magic:  0/6        EV: 12    Int: 16    God:    Sif Muna [......]
Gold:   93         SH:  0    Dex: 14    Spells: 1 memorised, 5 levels left

rFire  . . .     SeeInvis .     e - +0 dagger
rCold  . . .     Clarity  .     a - +1 robe
rNeg   . . .     SustAt   .     (no shield)
rPois  .         Gourm    .     (no helmet)
rElec  .         Spirit   .     (no cloak)
rCorr  .         Warding  .     (no gloves)
rMut   .         Stasis   .     g - +0 pair of boots
MR     .....                    (no amulet)
Stlth  ++........               (no ring)
                                (no ring)

@: not resistant to hostile enchantments, unstealthy
A: rugged brown scales 1
a: Renounce Religion


You were on level 3 of the Dungeon.
You worshipped Sif Muna.
Sif Muna was noncommittal.
You were not hungry.

You visited 1 branch of the dungeon, and saw 3 of its levels.

You collected 93 gold pieces.

Inventory:

Hand weapons
 e - a +0 dagger (weapon)
Armour
 a - a +1 robe (worn)
 g - a +0 pair of boots (worn)
Scrolls
 d - a scroll of teleportation
 f - a scroll of identify
 j - a scroll of remove curse
Potions
 h - a potion of agility {unknown}
Books
 b - a book of Necromancy

   Spells                             Type                      Level
   a - Pain                           Necromancy                   1
   b - Animate Skeleton               Necromancy                   1
   c - Vampiric Draining              Necromancy                   3
   d - Regeneration                   Charms/Necromancy            3
   e - Animate Dead                   Necromancy                   4
   f - Control Undead                 Necromancy                   4
Comestibles
 c - 4 bread rations
 i - a meat ration
 l - a chunk of flesh


   Skills:
 + Level 2.0 Dodging
 * Level 2.1 Stealth
 + Level 2.4 Spellcasting
 * Level 5.5 Necromancy


You had 5 spell levels left.
You knew the following spells:

 Your Spells              Type           Power        Failure   Level  Hunger
a - Pain                  Necr           ###.         1%          1    #......


Dungeon Overview and Level Annotations

Branches:
Dungeon (3/15)

Altars:
Cheibriados
Sif Muna
Zin

Annotations:
D:3 Sigmund


Innate Abilities, Weirdness & Mutations

You are partially covered in rugged brown scales (AC +1, +3% HP).


Message History

You hit Sigmund but do no damage.
Sigmund is almost dead.
Sigmund closely misses you.
You hit Sigmund but do no damage.
Sigmund is almost dead.
You barely miss Sigmund.
Sigmund is almost dead.
Sigmund barely misses you.
You barely miss Sigmund.
Sigmund is almost dead.
Sigmund barely misses you.
You barely miss Sigmund.
Sigmund is almost dead.
You barely miss Sigmund.
Sigmund is almost dead.
Sigmund hits you with a scythe of freezing!
Ouch! That really hurt!
* * * LOW HITPOINT WARNING * * *
Sigmund freezes you.
You die...

.#.#.#..# #.........
........# #..........
.#.#.#..######.........#
.......................#
.#.#)#.................#
.......)...............#
.#)#.#.#######.........#
.<.((..# #.........#
.#.#.#.# #..@@.....#
.......# #.........#
.#.#.#.# #.........#
.......# #..........
.#.#.#.# #########..
.......# . ########


You could see Sigmund.

Vanquished Creatures
  2 oozes (D:3)
  An adder skeleton (D:3)
  A worm (D:2)
  3 giant geckos
  3 giant cockroaches
  5 goblins
  9 hobgoblins
  4 jackals (D:2)
  6 kobolds
  3 ball pythons
  4 bats
  2 giant newts (D:2)
  3 rats (D:3)
46 creatures vanquished.

Notes
Turn   | Place    | Note
--------------------------------------------------------------
     0 | D:1      | matakusis the Demonspawn Necromancer began the quest for the Orb.
     0 | D:1      | Reached XP level 1. HP: 13/13 MP: 3/3
   293 | D:1      | Gained mutation: You are partially covered in rugged brown scales (AC +1, +3% HP). [demonic ancestry]
   293 | D:1      | Reached XP level 2. HP: 11/19 MP: 1/5
   605 | D:1      | Reached skill level 5 in Necromancy
  1083 | D:2      | Reached XP level 3. HP: 15/24 MP: 2/6
  1260 | D:2      | Found a snail-covered altar of Cheibriados.
  1361 | D:2      | Found a glowing silver altar of Zin.
  1438 | D:2      | Found a deep blue altar of Sif Muna.
  1444 | D:2      | Became a worshipper of Sif Muna the Loreminder
  1968 | D:3      | Noticed Sigmund
  2051 | D:3      | HP: 1/24 [Sigmund/scythe of freezing (15)]
  2051 | D:3      | Slain by Sigmund

Vault maps used:
D:1:      dpeg_arrival_rooms_a
D:2:      lemuel_coloured_pillars_altar, zin_scriptorium, first_bread,
          led_sif_pool
D:3:      st_stairs_11, uniq_sigmund

Action                   || total
-------------------------++-------
Melee: Unarmed           ||    11
       Dagger            ||    43
 Cast: Pain              ||    73
  Use: Scroll            ||     5
       Potion            ||     2
 Stab: Sleeping          ||     4
  Eat: Bread ration      ||     1
